 Dungeon Crawl Stone Soup version 0.27-a0-1189-gb8eb6cee8e (webtiles) character file.

Game seed: 8198483409482994233

72 leviel the Chopper (level 4, 0/40 HPs)
             Began as a Hill Orc Fighter on May 22, 2021.
             Succumbed to Robin's poison
             ... on level 2 of the Dungeon.
             The game lasted 00:01:00 (1197 turns).

leviel the Chopper (Hill Orc Fighter)               Turns: 1197, Time: 00:01:01

Health: 0/40       AC:  6    Str: 19    XL:     4   Next: 26%
Magic:  4/4        EV:  7    Int:  8    God:
Gold:   13         SH:  9    Dex: 10    Spells: 3/3 levels left

rFire    . . .     SeeInvis +   a - +0 war axe
rCold    . . .     Faith    .   c - +0 kite shield
rNeg     . . .     Spirit   .   b - +0 scale mail
rPois    .         Reflect  .   (no helmet)
rElec    .         Harm     .   (no cloak)
rCorr    .         Rampage  .   (no gloves)
Will     .....                  (no boots)
Stlth    ..........             (no amulet)
HPRegen  0.13/turn              i - ring of see invisible
MPRegen  0.09/turn              (no ring)

@: mighty, lethally poisoned (0 -> -26)
A: no striking features
a: no special abilities


You were on level 2 of the Dungeon.
You visited 1 branch of the dungeon, and saw 2 of its levels.

You collected 13 gold pieces.

Inventory:

Hand Weapons
 a - a +0 war axe (weapon)
Armour
 b - a +0 scale mail (worn)
 c - a +0 kite shield (worn)
Jewellery
 i - a ring of see invisible (left hand)
Scrolls
 e - a scroll of enchant armour {unknown}
 f - a scroll of enchant weapon {unknown}
 g - a scroll of identify {unknown}
 j - 2 scrolls of blinking {unknown}
Potions
 h - 2 potions of flight {unknown}


   Skills:
 - Level 3.7 Fighting
 + Level 5.6 Axes
 - Level 3.3 Armour
 - Level 3.3 Shields


You had 3 spell levels left.
You didn't know any spells.
Your spell library was empty.

Dungeon Overview and Level Annotations

Branches:
Dungeon (2/15)

Altars:


Message History

The hobgoblin no longer looks unusually strong. x2
Robin throws the goblin at you! You block the goblin's attack.
You block the hobgoblin's attack.
You hit the hobgoblin.
You kill the hobgoblin!
You slash the goblin!
You kill the goblin!
The hobgoblin hits you but does no damage.
You slash the hobgoblin!
You kill the hobgoblin!
Robin hits you but does no damage.
You are poisoned.
Robin throws the goblin at you!
You feel sick.
The goblin unwields a +0 dagger.
The goblin wields a +0 hunting sling.
The goblin shoots a stone.
The stone hits you but does no damage. Robin hits you but does no damage.
You are more poisoned.
Items here: )) ††††††.
You slash Robin!
Robin is severely wounded.
You feel very sick.
The goblin no longer looks unusually strong.
The goblin shoots a stone.
You block the stone.
Robin hits you with a +0 spear of venom.
You are more poisoned.
You completely miss Robin.
Robin is severely wounded.
You feel very sick.
Robin roars a battlecry!
The goblins go into a battle-frenzy!
Robin hits you with a +0 spear of venom.
You are more poisoned.
The goblin unwields a +0 hunting sling.
The goblin wields a +0 dagger.
The goblin hits you with a +0 dagger.
* * * LOW HITPOINT WARNING * * *
You slash Robin!
You kill Robin!
You slash the goblin!
You kill the goblin!
You die...

<............#+## ....
######..........##g....
#....>.†.g........
#........g.....g..
#..........##.....
#.....g.g..# [...
#..g.......# ###
###)######## #@# #)#
#)# #.# #.# #.# #.# #..
###


You could see a hobgoblin (strong).

Vanquished Creatures
  Robin (D:2)
  A gnoll (D:1)
  2 adders (D:2)
  3 endoplasms (D:1)
  A giant cockroach (D:1)
  9 goblins
  6 hobgoblins
  5 jackals (D:1)
  6 kobolds
  A quokka (D:1)
  A ball python (D:1)
  2 bats
  A frilled lizard (D:1)
  3 rats (D:1)
42 creatures vanquished.

Notes
Turn   | Place    | Note
-------+----------+-------------------------------------------
     0 | D:1      | leviel the Hill Orc Fighter began the quest for the Orb.
     0 | D:1      | Reached XP level 1. HP: 19/19 MP: 1/1
    87 | D:1      | Reached skill level 3 in Axes
    90 | D:1      | Reached XP level 2. HP: 22/27 MP: 2/2
   217 | D:1      | Reached skill level 4 in Axes
   247 | D:1      | Reached XP level 3. HP: 31/33 MP: 3/3
   951 | D:2      | Reached skill level 5 in Axes
  1169 | D:2      | Noticed Robin
  1184 | D:2      | Reached XP level 4. HP: 35/40 MP: 4/4
  1197 | D:2      | Killed Robin
  1197 | D:2      | Succumbed to Robin's poison

Illustrated notes

Levels and vault maps discovered:
D:1:      mushboom_english_gardens, layout_loops_ring, minmay_misc_feat_ornament
D:2:      layout_basic, chequers_ecumenical_altar_grove, basic_altar,
          minmay_split_cup_large, uniq_robin

Skill      XL: |  1  2  3 |
---------------+----------+-----
Axes           | 3 4 5 |  5.6
Fighting       | |  3.7
Armour         | |  3.3
Shields        | |  3.3

Action                   |  1- 3 |  4- 6 || total
-------------------------+-------+-------++-------
Melee: War axe           |    66 |    13 ||    79
  Use: Potion            |     1 |       ||     1
Armor: Scale mail        |    30 |    10 ||    40
Dodge: Dodged            |    21 |     1 ||    22
Block: Kite shield       |    31 |     4 ||    35

Table legend: (Time is in decaauts)
 A = Elapsed time spent in this place.
 B = Non-inter-level travel time spent in this place.
 C = Inter-level travel time spent in this place.
 D = Time resting spent in this place.
 E = Time spent auto-exploring this place.
 F = Levels seen in this place.
 G = Mean time per level.
                   A        B        C        D        E       F      G
               +--------+--------+--------+--------+--------+-----+--------+
         Total |   1236 |   1200 |     36 |    473 |    516 |   2 |  618.0 |
       Dungeon |   1236 |   1200 |     36 |    473 |    516 |   2 |  618.0 |
               +--------+--------+--------+--------+--------+-----+--------+

Top non-repeatable levels by time:
     D:1: 949 daAuts
     D:2: 287 daAuts
